 Dungeon Crawl Stone Soup version 0.32-a0-22-g6ae6769602 (webtiles) character file.

Game seed: 7007399293373116076

88 Descartes the Ducker (level 4, -1/22 HPs)
             Began as a Felid Shapeshifter on Jan 18, 2024.
             Slain by an orc
             ... wielding a +0 dagger
              (2 damage)
             ... in the Ecumenical Temple.
             The game lasted 00:04:44 (2516 turns).

Descartes the Ducker (Felid Shapeshifter)           Turns: 2516, Time: 00:04:45

Health: -1/22      AC:  1    Str: 12    XL:     4   Next: 29%
Magic:  5/5        EV: 18    Int: 13    God:
Gold:   178        SH:  0    Dex: 16    Spells: 3/3 levels left
                                        Lives:  0   Deaths: 2

rFire   . .          .
                       - Unarmed
rCold   . . .        (shield unavailable)
rNeg    . . .        (body armour unavailable)
rPois   .            (helmet unavailable)
rElec   .            (cloak unavailable)
rCorr   .            (gloves unavailable)
SInv    +            (boots unavailable)
Will    .....        (no amulet)
Stlth   ++           (no ring)
HPRegen 0.23/turn    (no ring)
MPRegen 0.09/turn

%: no passive effects
@: beast-form
A: beast (slay +1), very small, claws 1, fangs 3, see invisible, shaggy fur 1,
stealthy paws, no weapons or thrown items, no armour, multi-lived
a: Begin Untransformation


You were in the Ecumenical Temple.
You were a hulking beast.
You visited 2 branches of the dungeon, and saw 5 of its levels.

You collected 178 gold pieces.

Inventory:

Talismans
 b - a beast talisman
 c - a flux talisman
 g - a maw talisman
Wands
 l - a wand of paralysis (8)
Scrolls
 d - a scroll of noise {unknown}
 e - a scroll of revelation {unknown}
 f - 4 scrolls of identify {unknown}
 i - a scroll of fog {unknown}
 m - a scroll of fear {unknown}
 n - 2 scrolls of vulnerability {unknown}
 o - a scroll of summoning {unknown}
Potions
 a - 2 potions of lignification
 h - 2 potions of heal wounds {unknown}
 j - 2 potions of degeneration {unknown}
 k - a potion of attraction {unknown}


   Skills:
 - Level 1.0 Fighting
 + Level 3.8 Dodging
 + Level 2.7 Stealth
 + Level 3.6 Unarmed Combat
 + Level 3.2 Shapeshifting


You had 3 spell levels left.
You didn't know any spells.
Your spell library contained the following spells:

 Spells                   Type           Power      Damage    Failure   Level
 Lesser Beckoning         Tloc           0%         N/A       43%         2
 Scorch                   Fire           0%         2d5       43%         2
 Fugue of the Fallen      Necr           0%         N/A       67%         3
 Gell's Gravitas          Tloc           0%         N/A       67%         3
 Ozocubu's Armour         Ice            0%         N/A       67%         3
 Teleport Other           Tloc           0%         N/A       67%         3
 Flame Wave               Conj/Fire      0%         2d4       97%         4
 Manifold Assault         Tloc           0%         N/A       97%         4
 Olgreb's Toxic Radiance  Alch           0%         N/A       97%         4
 Summon Cactus Giant      Summ           0%         N/A       100%        6
 Ozocubu's Refrigeration  Ice            0%         4d7       100%        7
 Discord                  Hex            0%         N/A       100%        8


Dungeon Overview and Level Annotations

Branches:
Dungeon (4/15)             Temple (1/1) D:4

Altars:
Ashenzari
Cheibriados
Fedhas
Kikubaaqudgha
Nemelex Xobeh
Qazlal
Ru
Sif Muna
Uskayaw
Vehumet
Yredelemnul
The Shining One


Innate Abilities, Weirdness & Mutations

You are a hulking beast.
Your limbs bulge with bestial killing power. (Slay +1)
You have sharp claws.
You have razor-sharp teeth.
You have supernaturally acute eyesight. (SInv)
You are covered in fur. (AC +1)
Your paws help you pounce on unaware monsters.
You are incapable of wielding weapons or throwing items.
You cannot wear armour.
You gain extra lives every three experience levels.


Message History

No target in view!
No target in view!
You feel sick.
You feel sick.
You feel sick.
You are no longer poisoned.
You see here an adder corpse.
You see here an adder corpse.
Found 2 stones.
You see here 2 stones.
f - 4 scrolls labelled RULUUNE KAHE (gained 1)
You now have 174 gold pieces (gained 13).
Found a short sword.
You see here a +0 short sword.
You now have 178 gold pieces (gained 4).
Found a staircase to the Ecumenical Temple.
An orc comes into view. It is wielding a +0 dagger.
The orc shouts!
Found a coppery potion.
A black bear comes into view.
There is a staircase to the Ecumenical Temple here.
The orc cheers noisily, in orcish tradition.
You climb downwards.
Welcome to the Ecumenical Temple!
Found a staircase back to the Dungeon.
There is a staircase back to the Dungeon here.
Done exploring.
You climb upwards.
Welcome back to the Dungeon!
The orc hits you with a +0 dagger.
There is a staircase to the Ecumenical Temple here.
The black bear bites you. The black bear completely misses you.
The black bear barely misses you. The orc hits you with a +0 dagger.
You climb downwards.
Welcome back to the Ecumenical Temple!
There is a staircase back to the Dungeon here.
The black bear attacks as it pursues you!
The black bear bites you! The black bear claws you.
* * * LOW HITPOINT WARNING * * *
The black bear claws you.
* * * LOW HITPOINT WARNING * * *
The orc hits you with a +0 dagger.
You die...

##########################
................hh.......#
##+##############o.#####.#
.#..#...#....#..#..+...#.#
.#_.#...#....#..+..#._.#.#
#####...#+#######..#...#.#
.#_.#...#.#..#..#.######.#
.#..###+#.#..#._#.#..._#.#
.##+#..⌠..#+##..#.#....#.#
.............#+##.#....#.#


You could see a black bear and an orc.

Vanquished Creatures
  4 adders
  2 ribbon worms (D:2)
  An orc (D:4)
  6 bats
  5 endoplasms
  A giant cockroach (D:4)
  3 hobgoblins
  A quokka (D:2)
  7 ball pythons
  4 frilled lizards
  7 goblins
  6 kobolds
  3 rats
50 creatures vanquished.

Notes
Turn   | Place    | Note
-------+----------+-------------------------------------------
     0 | D:1      | Descartes the Felid Shapeshifter began the quest for the
                  | Orb.
     0 | D:1      | Reached XP level 1. HP: 10/10 MP: 2/2
    22 | D:1      | Frozen to death by an endoplasm
    22 | D:1      | Lost a life (0 lives remaining)
    68 | D:1      | Reached skill level 1 in Stealth
   173 | D:1      | Reached XP level 2. HP: 12/14 MP: 3/3
   732 | D:2      | Reached XP level 3. HP: 18/18 MP: 4/4
   801 | D:2      | Identified the +2 scale mail of Vermicelli {Int+3}
   889 | D:2      | Found a broken altar of Ashenzari.
  2074 | D:3      | Reached XP level 4. HP: 19/22 MP: 5/5
  2074 | D:3      | Gained a life (1 life remaining)
  2257 | D:4      | Slain by an adder
  2257 | D:4      | Lost a life (0 lives remaining)
  2502 | D:4      | Found a staircase to the Ecumenical Temple.
  2507 | D:4      | Noticed a black bear
  2511 | Temple   | Entered the Ecumenical Temple
  2516 | Temple   | HP: 1/22 [black bear (4)]
  2516 | Temple   | Slain by an orc

Illustrated notes

Levels and vault maps discovered:
D:1:      tarquinn_simple_flora_water_f, layout_rooms
D:2:      layout_basic, basic_altar
D:3:      layout_basic, kennysheep_small_spiral
D:4:      layout_loops_cross, minmay_temple_entry_mini_moons
Temple:   bh_familiar_temple

Skill      XL: |  1  2  3 |
---------------+----------+-----
Stealth        | 1 2 |  2.7
Dodging        | 3 |  3.8
Shapeshifting  | 3 |  3.2
Fighting       | |  1.0
Unarmed Combat | |  3.6

Action                     |  1- 3 |  4- 6 || total
---------------------------+-------+-------++-------
  Melee: Unarmed           |    99 |    22 ||   121
         Bite              |    12 |     2 ||    14
         Punch             |     2 |     2 ||     4
   Stab: Sleeping          |     6 |       ||     6
 Armour: Skin              |    22 |    18 ||    40
  Dodge: Dodged            |    91 |    25 ||   116

Table legend: (Time is in decaauts)
 A = Elapsed time spent in this place.
 B = Non-inter-level travel time spent in this place.
 C = Inter-level travel time spent in this place.
 D = Time resting spent in this place.
 E = Time spent auto-exploring this place.
 F = Levels seen in this place.
 G = Mean time per level.
                   A        B        C        D        E       F      G
               +--------+--------+--------+--------+--------+-----+--------+
         Total |   2507 |   2385 |    122 |      0 |   2001 |   5 |  501.4 |
       Dungeon |   2503 |   2381 |    122 |      0 |   2001 |   4 |  625.8 |
        Temple |      3 |      3 |      0 |      0 |      0 |   1 |    3.0 |
               +--------+--------+--------+--------+--------+-----+--------+

Top non-repeatable levels by time:
     D:3: 902 daAuts
     D:2: 807 daAuts
     D:1: 462 daAuts
     D:4: 331 daAuts
  Temple: 3 daAuts
